 Dungeon Crawl Stone Soup version 0.31-a0-142-g31f6795574 (webtiles) character file.

Game seed: 15134080203263452562

86 xian the Vexing (level 4, -6/31 HPs)
             Began as a Demonspawn Enchanter on June 3, 2023.
             Mangled by Crazy Yiuf
             ... wielding a +4 quarterstaff of chaos
              (10 damage)
             ... on level 2 of the Dungeon.
             The game lasted 00:03:37 (1625 turns).

xian the Vexing (Demonspawn Enchanter)              Turns: 1625, Time: 00:03:38

Health: -6/31      AC:  3    Str: 11    XL:     4   Next: 27%
Magic:  1/7        EV: 12    Int: 16    God:
Gold:   121        SH:  5    Dex: 13    Spells: 2/7 levels left

rFire   . . .        a - +1 dagger
rCold   . . .        (no shield)
rNeg    . . .        e - +0 leather armour
rPois   .            (no helmet)
rElec   .            p - scarf {harm}
rCorr   .            (no gloves)
SInv    .            (no boots)
Will    .....        d - amulet of reflection
Stlth   ++           (no ring)
HPRegen 0.25/turn    (no ring)
MPRegen 0.10/turn

%: harm (+30% outgoing, +20% incoming), reflection
@: no status effects
A: ignite blood 1, demonic magic 1
a: no special abilities


You were on level 2 of the Dungeon.
You visited 1 branch of the dungeon, and saw 2 of its levels.

You collected 121 gold pieces.

Inventory:

Hand Weapons
 a - a +1 dagger (weapon)
Missiles
 g - 10 poisoned darts (quivered)
Armour
 e - a +0 leather armour (worn)
 p - a scarf of harm (worn)
Jewellery
 d - an amulet of reflection (around neck)
Scrolls
 f - 2 scrolls of identify {unknown}
 k - 2 scrolls of fog {unknown}
 m - a scroll of magic mapping {unknown}
Potions
 b - a potion of cancellation {unknown}
 c - 2 potions of invisibility
 h - a potion of curing {unknown}
 i - a potion of degeneration {unknown}
 j - a potion of might {unknown}
 l - a potion of ambrosia {unknown}
 n - 3 potions of heal wounds {unknown}
 o - a potion of lignification {unknown}


   Skills:
 + Level 0.6 Fighting
 + Level 1.6 Short Blades
 + Level 0.6 Armour
 + Level 2.2 Dodging
 + Level 3.2 Stealth
 + Level 0.3 Shields
 + Level 2.2 Spellcasting
 + Level 3.5 Hexes
 + Level 0.1 Ice Magic


You had 2 spell levels left.
You knew the following spells:

 Your Spells              Type           Power      Damage    Failure   Level
a - Ensorcelled Hibernat  Hex/Ice        14%        N/A       19%         2
b - Confusing Touch       Hex            13%        N/A       19%         3

Your spell library contained the following spells:

 Spells                   Type           Power      Damage    Failure   Level
 Magic Dart               Conj           4%         1d3       26%         1
 Call Imp                 Summ           2%         N/A       38%         2
 Tukima's Dance           Hex            13%        N/A       19%         3
 Dazzling Flash           Conj/Hex       14%        N/A       36%         3
 Mephitic Cloud           Conj/Pois/Air  1%         N/A       63%         3


Dungeon Overview and Level Annotations

Branches:
Dungeon (2/15)

Altars:

Annotations:
D:2 Crazy Yiuf


Innate Abilities, Weirdness & Mutations

Your demonic aura sometimes causes spilled blood to erupt in flames.
Spells you cast may paralyse adjacent enemies.


Message History

You pick up a book of Minor Magic and begin reading...
You add the spells Magic Dart, Call Imp and Mephitic Cloud to your library.
You see here a scarf of harm.
You see here a scarf of harm.
You start putting on your armour.
You continue putting on your scarf of harm. x4
You finish putting on your scarf of harm.
Unknown command.
Found a hammer.
Found a runed translucent door.
Crazy Yiuf shouts!
You open the door.
Casting: Ensorcelled Hibernation (safe; 19% risk of failure)
Confirm with . or Enter, or press ? or * to list all spells.
Aiming: Ensorcelled Hibernation (safe; 19% risk of failure)
Press: ? - help, Shift-Dir - straight line, f - Crazy Yiuf
Aim: Crazy Yiuf, wielding a +4 quarterstaff of chaos and wearing a +0 cloak (chance to affect: 50%) Crazy Yiuf resists with some effort.
Malevolent energies surge around you.
Crazy Yiuf yells, "Gnoll sallow turtle!"
Casting: Ensorcelled Hibernation (safe; 19% risk of failure)
Confirm with . or Enter, or press ? or * to list all spells.
Aiming: Ensorcelled Hibernation (safe; 19% risk of failure)
Press: ? - help, Shift-Dir - straight line, f/p - Crazy Yiuf
Aim: Crazy Yiuf, wielding a +4 quarterstaff of chaos and wearing a +0 cloak (chance to affect: 50%) Crazy Yiuf resists with some effort.
Malevolent energies surge around you.
Crazy Yiuf hits you with a +4 quarterstaff of chaos!
You are electrocuted!
* * * LOW HITPOINT WARNING * * *
Casting: Ensorcelled Hibernation (safe; 19% risk of failure)
Confirm with . or Enter, or press ? or * to list all spells.
Aiming: Ensorcelled Hibernation (safe; 19% risk of failure)
Press: ? - help, Shift-Dir - straight line, f/p - Crazy Yiuf
Aim: Crazy Yiuf, wielding a +4 quarterstaff of chaos and wearing a +0 cloak (chance to affect: 50%) Crazy Yiuf looks drowsy...
Malevolent energies surge around you.
Unknown command.
The helpless Crazy Yiuf fails to defend himself.
You puncture Crazy Yiuf!
Crazy Yiuf is severely wounded.
Crazy Yiuf is no longer paralysed.
Crazy Yiuf hits you with a +4 quarterstaff of chaos!
You die...

#....####...#
... #....#
#.### ♣P..P♣
#.# ♣♣PP.♣
... ♣♣.♣♣
#... ♣♣.♣
#.... ♣.♣♣
##### ♣♣.♣
♣@♣♣ #g# ...
#...# #)..#
#####


You could see Crazy Yiuf.

Vanquished Creatures
  Terence (D:2)
  An adder (D:2)
  A worm (D:2)
  3 dart slugs (D:1)
  6 bats
  3 endoplasms
  3 goblins
  2 hobgoblins
  10 jackals (D:1)
  5 ball pythons
  A frilled lizard (D:1)
  A kobold (D:2)
  2 rats
39 creatures vanquished.

Notes
Turn   | Place    | Note
-------+----------+-------------------------------------------
     0 | D:1      | xian the Demonspawn Enchanter began the quest for the Orb.
     0 | D:1      | Reached XP level 1. HP: 13/13 MP: 3/3
   259 | D:1      | Gained mutation: Spells you cast may paralyse adjacent
                  | enemies. [demonic ancestry]
   259 | D:1      | Reached XP level 2. HP: 12/19 MP: 5/5
   273 | D:1      | Reached skill level 1 in Short Blades
   279 | D:1      | Learned a level 2 spell: Ensorcelled Hibernation
   301 | D:1      | Found a faded altar of an unknown god.
   854 | D:1      | Gained mutation: Your demonic aura sometimes causes spilled
                  | blood to erupt in flames. [demonic ancestry]
   854 | D:1      | Reached XP level 3. HP: 19/24 MP: 6/6
   886 | D:1      | Learned a level 3 spell: Confusing Touch
  1206 | D:2      | Noticed Terence
  1464 | D:2      | Killed Terence
  1465 | D:2      | Reached XP level 4. HP: 25/31 MP: 4/7
  1617 | D:2      | Found a runed translucent door.
  1618 | D:2      | Noticed Crazy Yiuf
  1625 | D:2      | Mangled by Crazy Yiuf

Illustrated notes

Levels and vault maps discovered:
D:1:      minmay_arrival_plants_in_alcoves, layout_loops_corners,
          hellmonk_ecumenical_altar_dog_temple
D:2:      layout_rooms, basic_altar, uniq_terence, uniq_crazy_yiuf_cottage

Skill      XL: |  1  2  3 |
---------------+----------+-----
Dodging        | 2 |  2.2
Short Blades   | 1 |  1.6
Stealth        | 3 |  3.2
Fighting       | |  0.6
Armour         | |  0.6
Shields        | |  0.3
Spellcasting   | |  2.2
Hexes          | |  3.5
Ice Magic      | |  0.1

Action                     |  1- 3 |  4- 6 || total
---------------------------+-------+-------++-------
  Melee: Dagger            |   143 |     8 ||   151
         Punch             |     1 |       ||     1
   Cast: Ensorcelled Hiber |     6 |     3 ||     9
   Stab: Sleeping          |     4 |     1 ||     5
         Paralysed         |     4 |       ||     4
 Armour: Leather armour    |    28 |     1 ||    29
         Robe              |     2 |       ||     2
  Dodge: Dodged            |    83 |     2 ||    85
  Block: Other             |    24 |     3 ||    27
         Reflection        |     1 |       ||     1

Table legend: (Time is in decaauts)
 A = Elapsed time spent in this place.
 B = Non-inter-level travel time spent in this place.
 C = Inter-level travel time spent in this place.
 D = Time resting spent in this place.
 E = Time spent auto-exploring this place.
 F = Levels seen in this place.
 G = Mean time per level.
                   A        B        C        D        E       F      G
               +--------+--------+--------+--------+--------+-----+--------+
         Total |   1616 |   1595 |     21 |      0 |   1083 |   2 |  808.0 |
       Dungeon |   1616 |   1595 |     21 |      0 |   1083 |   2 |  808.0 |
               +--------+--------+--------+--------+--------+-----+--------+

Top non-repeatable levels by time:
     D:1: 1196 daAuts
     D:2: 420 daAuts
